 Dungeon Crawl Stone Soup version 0.26-a0-1049-g242049e08c (webtiles) character file.

Game seed: 1373907301734659047

10905 Maxis9 the Grappler (level 11, 0/102 HPs)
             Began as a Troll Warper on Dec 12, 2020.
             Slain by a freezing wraith (14 damage)
             ... led by a death knight
             ... on level 12 of the Dungeon.
             The game lasted 01:03:02 (9312 turns).

Maxis9 the Grappler (Troll Warper)                  Turns: 9312, Time: 01:03:02

Health: 0/102      AC:  6    Str: 30    XL:     11   Next: 42%
Magic:  12/12      EV: 12    Int:  9    God:
Gold:   1001       SH:  0    Dex:  9    Spells: 10/12 levels left

rFire    . . .     SeeInvis +     - Unarmed
rCold    . . .     Faith    .   (no shield)
rNeg     . . .     Spirit   .   (armour restricted)
rPois    .         Reflect  .   (helmet restricted)
rElec    .         Harm     .   q - +1 cloak
rCorr    .         Rampage  .   (gloves unavailable)
Will     .....                  (boots unavailable)
Stlth    +.........             k - amulet of magic regeneration
HPRegen  0.67/turn              s - ring of see invisible
MPRegen  0.38/turn              w - +6 ring of strength

@: slowed, very slow
A: large, unfitting armour, claws 3, regeneration 1, shaggy fur 1, tough skin 3
a: no special abilities


You were on level 12 of the Dungeon.
You visited 2 branches of the dungeon, and saw 13 of its levels.

You collected 1001 gold pieces.

Inventory:

Hand Weapons
 p - a +1 hand axe of venom
Missiles
 d - 4 boomerangs of dispersal (quivered)
Armour
 a - a +0 troll leather armour
 q - a +1 cloak (worn)
 v - a +0 robe of fire resistance
 z - +0 steam dragon scales
 G - the +1 robe "Zakonat" {Rampage rPois Will-}
   (You found it on level 9 of the Dungeon)

   It protects you from poison.
   It affects your willpower, your defense against some magical effects.
   It bestows one free step when moving towards enemies.
 P - a +1 robe of cold resistance
Magical Staves
 Q - an uncursed staff of cold
Jewellery
 g - an uncursed ring of fire
 k - an amulet of magic regeneration (around neck)
 s - a ring of see invisible (left claw)
 w - a +6 ring of strength (right claw)
 A - an uncursed ring of resist corrosion
Wands
 h - a wand of iceblast (6)
 y - a wand of paralysis (46)
 L - a wand of digging (11)
Scrolls
 b - 10 scrolls of teleportation
 c - 2 scrolls of blinking
 i - 4 scrolls of immolation
 j - a scroll of amnesia
 l - 5 scrolls of enchant armour
 n - 2 scrolls of fog
 o - 4 scrolls of fear
 t - a scroll of identify
 F - a scroll of brand weapon
 K - 3 scrolls of remove curse
 N - a scroll of magic mapping
Potions
 e - 2 potions of attraction {unknown}
 f - 5 potions of brilliance
 m - a potion of curing
 r - 3 potions of heal wounds {unknown}
 u - a potion of berserk rage {unknown}
 x - a potion of magic {unknown}
 C - a potion of mutation {unknown}
 E - a potion of lignification {unknown}
 H - a potion of resistance {unknown}
 I - 2 potions of haste
 J - a potion of flight {unknown}


   Skills:
 + Level 5.0 Fighting
 - Level 1.0 Throwing
 + Level 6.9 Dodging
 + Level 14.6 Unarmed Combat
 - Level 1.3 Spellcasting
 + Level 2.5 Translocations


You had 10 spell levels left.
You knew the following spells:

 Your Spells              Type           Power        Failure   Level
a - Blink                 Tloc           N/A          19%         2

Your spell library contained the following spells:

 Spells                   Type           Power        Failure   Level
 Foxfire                  Conj/Fire      #...         34%         1
 Gell's Gravitas          Tloc           #.........   36%         3
 Lesser Beckoning         Tloc           #.........   36%         3
 Teleport Other           Tloc           #.......     36%         3
 Conjure Flame            Conj/Fire      #.......     71%         3
 Inner Flame              Hex/Fire       #.......     71%         3
 Passage of Golubria      Tloc           N/A          77%         4
 Sticky Flame             Conj/Fire      #.......     98%         4
 Fireball                 Conj/Fire      #.........   100%        5


Dungeon Overview and Level Annotations

Branches:
Dungeon (12/15)            Temple (1/1) D:4             Orc (0/2) D:11
   Lair: D:8-11

Altars:
Ashenzari
Cheibriados
Dithmenos
Elyvilon
Fedhas
Gozag
Hepliaklqana
Kikubaaqudgha
Makhleb
Nemelex Xobeh
Okawaru
Qazlal
Ru
Sif Muna
Trog
Uskayaw
Vehumet
Wu Jian
Xom
Yredelemnul
Zin
The Shining One

Shops:
D:4 (   D:7 :

Annotations:
D:10 2 transporters, marsu's ghost, novice TrHu


Innate Abilities, Weirdness & Mutations

You are too large for most types of armour.
You have claws for hands.
Your natural rate of healing is unusually fast.
You are covered in fur. (AC +1)
You have extremely tough skin. (AC +3)


Message History

The freezing wraith hits you!
You finish taking off the +1 robe "Zakonat" {Rampage rPois Will-}.
You no longer feel able to rampage towards enemies.
You mangle the freezing wraith!! You claw the freezing wraith!
The freezing wraith is almost destroyed.
The freezing wraith hits you. The freezing wraith freezes you!
The freezing wraith hits you! The freezing wraith drains your vigour!
You feel yourself slow down.
You claw the freezing wraith!
You destroy the freezing wraith!
The death knight offers itself to Yredelemnul, and fills with unholy energy.
You mangle the freezing wraith!!
The freezing wraith is heavily damaged.
The freezing wraith hits you. The freezing wraith freezes you!!
* * * LOW HITPOINT WARNING * * *
The freezing wraith closely misses you. The freezing wraith hits you!
* * * LOW HITPOINT WARNING * * *
The freezing wraith freezes you!
You die...

......................'.........'
##....#########...>####.........#
##.#.# ##..## ##.......## ###.##
#.## ##.....## #..# #.# ##...##
##.# ####.##### ##'##### #.#
#........# #.((... #.# #.##.###.#
#.##### #.# #.##@# #.# ##)#####
#.# #.##W###.#####...##..
###########..Wp(...........#
≈≈≈O≈≈≈ #####.#####.......
...≈W≈≈######.# ##.##### #
....≈p≈#......# #.# #
#....≈W#W###### #.# # #.W.≈#.#
#.# #...≈#W# #.#


You could see a freezing wraith.

Vanquished Creatures
  Fannar (D:10)
  A centaur warrior (D:12)
  A skeletal warrior (D:12)
  An ugly thing (D:11)
  A manticore (D:12)
  A gargoyle (D:10)
  Joseph (D:7)
  A centaur zombie (D:12)
  Maggie (D:10)
  A freezing wraith (D:12)
  2 trolls
  Duvessa (D:7)
  A water moccasin (D:8)
  7 orc warriors
  2 sky beasts
  4 ice beasts
  A black bear (D:7)
  3 phantoms
  7 ogres
  3 centaurs
  2 big kobolds
  7 bullfrogs
  Dowan (D:7)
  3 scorpions
  15 killer bees
  10 wights
  8 howler monkeys
  5 hounds
  2 bullfrog skeletons
  A jelly (D:6)
  7 orc priests
  Crazy Yiuf (D:2)
  13 orc wizards
  2 centaur skeletons
  2 iguanas
  Terence (D:3)
  11 worker ants
  2 hound skeletons
  A worker ant zombie (D:9)
  11 gnolls
  12 adders
  3 white imps
  An ooze (D:1)
  3 worms
  A dart slug (D:4)
  5 leopard geckos
  41 orcs
  5 bats
  8 giant cockroaches
  7 goblins
  8 hobgoblins
  16 jackals
  5 quokkas
  A ball python (D:1)
  6 frilled lizards
  2 jackal skeletons
  14 kobolds
  A quokka skeleton (D:6)
  12 rats
  A spectral orc (D:8)
298 creatures vanquished.

Notes
Turn   | Place    | Note
-------+----------+-------------------------------------------
     0 | D:1      | Maxis9 the Troll Warper began the quest for the Orb.
     0 | D:1      | Reached XP level 1. HP: 19/19 MP: 1/1
    68 | D:1      | Reached skill level 1 in Throwing
   184 | D:1      | Reached XP level 2. HP: 27/27 MP: 3/3
   560 | D:1      | Reached XP level 3. HP: 35/35 MP: 4/4
   916 | D:2      | Learned a level 2 spell: Blink
   941 | D:2      | Reached skill level 3 in Unarmed Combat
  1250 | D:2      | Found a runed translucent door.
  1251 | D:2      | Noticed Crazy Yiuf
  1416 | D:2      | Killed Crazy Yiuf
  1417 | D:2      | Reached XP level 4. HP: 35/42 MP: 5/5
  1627 | D:3      | Reached skill level 4 in Unarmed Combat
  1627 | D:3      | Reached XP level 5. HP: 43/49 MP: 6/6
  1733 | D:3      | Found a burning altar of Makhleb.
  1921 | D:3      | Noticed Terence
  1929 | D:3      | Killed Terence
  2231 | D:3      | Reached skill level 5 in Unarmed Combat
  2325 | D:4      | Reached XP level 6. HP: 52/57 MP: 7/7
  2515 | D:4      | Found Epered's Weapon Boutique.
  2689 | D:4      | Found a staircase to the Ecumenical Temple.
  2698 | Temple   | Entered the Ecumenical Temple
  2868 | D:4      | Reached skill level 6 in Unarmed Combat
  2877 | D:4      | Found a sparkling altar of Nemelex Xobeh.
  2944 | D:5      | Entered Level 5 of the Dungeon
  2989 | D:5      | Reached XP level 7. HP: 44/65 MP: 8/8
  3257 | D:5      | Reached skill level 7 in Unarmed Combat
  3886 | D:6      | Reached XP level 8. HP: 53/74 MP: 9/9
  3950 | D:6      | Reached skill level 8 in Unarmed Combat
  4786 | D:7      | Got a crystal rapier
  4787 | D:7      | Noticed Dowan
  4789 | D:7      | Noticed Duvessa
  4792 | D:7      | Killed Dowan
  4793 | D:7      | Reached skill level 9 in Unarmed Combat
  4891 | D:7      | Killed Duvessa
  4902 | D:7      | Noticed Joseph
  4914 | D:7      | Killed Joseph
  4915 | D:7      | Reached XP level 9. HP: 51/83 MP: 10/10
  5125 | D:7      | Found a sacrificial altar of Ru.
  5197 | D:7      | Reached skill level 10 in Unarmed Combat
  5308 | D:7      | Found Fonaug's Book Shoppe.
  5581 | D:8      | Found a stormy altar of Qazlal.
  5592 | D:8      | Reached skill level 5 in Dodging
  5600 | D:8      | Reached skill level 11 in Unarmed Combat
  5877 | D:8      | Noticed a +0 dagger
  5877 | D:8      | Noticed a +0 dagger
  6024 | D:8      | Found a hide-covered altar of Uskayaw.
  6097 | D:8      | Reached skill level 12 in Unarmed Combat
  6239 | D:8      | Found a basalt altar of Yredelemnul.
  6417 | D:9      | Reached XP level 10. HP: 92/92 MP: 11/11
  6630 | D:9      | Got a wizard robe
  6650 | D:9      | Identified the +1 robe "Zakonat" {Rampage rPois Will-} (You
                  | found it on level 9 of the Dungeon)
  7271 | D:10     | Entered Level 10 of the Dungeon
  7274 | D:10     | Found a shimmering altar of Xom.
  7305 | D:10     | Paralysed by a kobold for 3 turns
  7357 | D:10     | Noticed Maggie
  7490 | D:10     | Reached skill level 13 in Unarmed Combat
  7504 | D:10     | Noticed Fannar
  7521 | D:10     | Killed Fannar
  7613 | D:10     | Found a transporter.
  7614 | D:10     | Noticed a moth of wrath
  7629 | D:10     | Found a transporter.
  7633 | D:10     | Noticed marsu's ghost (novice TrHu)
  7767 | D:10     | Killed Maggie
  7899 | D:10     | Found a bloodstained altar of Trog.
  8135 | D:11     | Found a staircase to the Orcish Mines.
  8144 | D:11     | Noticed a gargoyle
  8265 | D:10     | Killed a gargoyle
  8266 | D:10     | Reached XP level 11. HP: 101/101 MP: 12/12
  8420 | D:11     | Noticed a green ugly thing
  8441 | D:11     | Killed a green ugly thing
  8443 | D:11     | Reached skill level 14 in Unarmed Combat
  8585 | D:11     | Noticed a skeletal warrior
  8585 | D:11     | Noticed a skeletal warrior
  8614 | D:11     | Noticed a skeletal warrior
  8614 | D:11     | Noticed a skeletal warrior
  8620 | D:11     | Noticed a skeletal warrior
  8638 | D:12     | Killed a skeletal warrior
  8937 | D:12     | Noticed a centaur warrior
  8957 | D:12     | Killed a centaur warrior
  8958 | D:12     | Reached skill level 5 in Fighting
  9289 | D:12     | Noticed a death knight
  9312 | D:12     | Slain by a freezing wraith

Illustrated notes

Levels and vault maps discovered:
D:1:      sevenhm_arrival_forest_fort_small_5, layout_basic
D:2:      layout_rooms, uniq_crazy_yiuf_cottage
D:3:      layout_loops_ring, overflow_temple_1_default,
          kennysheep_decorative_pillar, minmay_misc_feat_pillars, uniq_terence
D:4:      layout_rooms, marbit_many_paths, minmay_temple_entry_poolview,
          serial_shops, shop
D:5:      layout_loops_ring
D:6:      layout_cave_pods, corexii_hall_statues_t
D:7:      layout_rooms, lemuel_doored_altar, serial_shops, kennysheep_mini_moat,
          uniq_duvessa, uniq_joseph
D:8:      layout_loops_ring, yredelemnul_forgotten_temple_becter,
          dancing_weapons_uskayaw, nicolae_qazlal_general_emergency
D:9:      layout_gridville
D:10:     layout_basic, gammafunk_ghost_berserking_beasts, basic_altar,
          bloody_trog, uniq_fannar, uniq_maggie
D:11:     layout_cave_pools, lair_entry_dummy, orc_0_dummy,
          kennysheep_generic_room_4
D:12:     layout_loops_corners, ebering_ghost_xom, kennysheep_generic_room_2
Temple:   nicolae_temple_x_marks_the_god

Skill      XL: |  1  2  3  4  5  6  7  8  9 10 11 |
---------------+----------------------------------+-----
Throwing       | 1 |  1.0
Dodging        | 2 3 4 5 6 |  6.9
Unarmed Combat | 3 4 5 6 7 9 12 13 14 | 14.6
Fighting       | 2 3 4 5 |  5.0
Spellcasting   | |  1.3
Translocations | |  2.5

Action                   |  1- 3 |  4- 6 |  7- 9 | 10-12 || total
-------------------------+-------+-------+-------+-------++-------
Melee: Unarmed           |   123 |   205 |   316 |   246 ||   890
       Punch             |       |     2 |    11 |    13 ||    26
Throw: Boomerang         |       |     1 |       |       ||     1
  Use: Scroll            |     1 |     2 |     7 |     8 ||    18
       Potion            |       |       |     1 |     3 ||     4
 Stab: Sleeping          |     1 |     1 |       |       ||     2
Armor: Robe              |    39 |    80 |    59 |    65 ||   243
Dodge: Dodged            |    45 |    91 |   105 |   135 ||   376

Table legend: (Time is in decaauts)
 A = Elapsed time spent in this place.
 B = Non-inter-level travel time spent in this place.
 C = Inter-level travel time spent in this place.
 D = Time resting spent in this place.
 E = Time spent auto-exploring this place.
 F = Levels seen in this place.
 G = Mean time per level.
                   A        B        C        D        E       F      G
               +--------+--------+--------+--------+--------+-----+--------+
         Total |   9177 |   8709 |    468 |    970 |   5031 |  13 |  705.9 |
       Dungeon |   9047 |   8600 |    447 |    970 |   5002 |  12 |  753.9 |
        Temple |    129 |    108 |     21 |      0 |     29 |   1 |  129.0 |
               +--------+--------+--------+--------+--------+-----+--------+

Top non-repeatable levels by time:
     D:6: 1040 daAuts
    D:10: 964 daAuts
     D:9: 963 daAuts
     D:8: 959 daAuts
     D:1: 881 daAuts
     D:5: 801 daAuts
     D:3: 742 daAuts
    D:12: 673 daAuts
     D:2: 592 daAuts
     D:7: 590 daAuts
     D:4: 576 daAuts
    D:11: 261 daAuts
  Temple: 129 daAuts
